 Dungeon Crawl Stone Soup version 0.29-a0-419-g77450f2105 (webtiles) character file.

Game seed: 10359223925825190114

471 KhasaRR the Skirmisher (level 6, -8/48 HPs)
             Began as a Demonspawn Abyssal Knight on May 18, 2022.
             Was a Priest of Lugonu.
             Mangled by an orc wizard
             ... wielding a +2 dagger of electrocution
              (19 damage)
             ... on level 5 of the Dungeon.
             The game lasted 00:19:33 (5004 turns).

KhasaRR the Skirmisher (Demonspawn Abyssal Knight)  Turns: 5004, Time: 00:19:34

Health: -8/48      AC:  3    Str: 15    XL:     6   Next: 83%
Magic:  8/9        EV: 12    Int: 17    God:    Lugonu [***...]
Gold:   246        SH:  4    Dex: 14    Spells: 2/7 levels left

rFire   . . .      SeeInvis .   k - +1 whip (elec)
rCold   . . .      Faith    .   (no shield)
rNeg    . . .      Spirit   .   b - +0 leather armour
rPois   .          Reflect  .   (no helmet)
rElec   .          Harm     .   (no cloak)
rCorr   .          Rampage  .   (no gloves)
Will    .....                   (no boots)
Stlth   +.........              (no amulet)
HPRegen 0.16/turn               n - +6 ring of intelligence
MPRegen 0.11/turn               (no ring)

@: about to teleport, hasted, very quick
A: claws 1, powered by pain 2, condensation shield
a: Renounce Religion, Depart the Abyss, Bend Space, Banish


You were on level 5 of the Dungeon.
You worshipped Lugonu.
Lugonu was most pleased with you.
You visited 1 branch of the dungeon, and saw 5 of its levels.
You visited the Abyss 1 time.

You collected 246 gold pieces.

Inventory:

Hand Weapons
 a - a +1 mace
 k - a +1 whip of electrocution (weapon)
Missiles
 c - 2 poisoned darts
Armour
 b - a +0 leather armour (worn)
Magical Staves
 q - a staff of air
Jewellery
 n - a +6 ring of intelligence (left claw)
Scrolls
 e - a scroll of fear {unknown}
 f - a scroll of noise
 i - a scroll of silence {unknown}
 j - a scroll of teleportation
 l - a scroll of acquirement {unknown}
 m - a scroll of enchant armour {unknown}
 o - 2 scrolls of magic mapping {unknown}
Potions
 d - a potion of degeneration {unknown}
 h - 2 potions of haste
 r - a potion of flight {unknown}
 s - a potion of brilliance {unknown}


   Skills:
 * Level 4.1 Fighting
 * Level 3.9 Maces & Flails
 + Level 1.2 Throwing
 * Level 2.8 Armour
 * Level 2.1 Dodging
 + Level 0.2 Shields
 * Level 1.3 Spellcasting
 * Level 0.6 Summonings
 * Level 4.0 Invocations
 + Level 0.7 Evocations


You had 2 spell levels left.
You knew the following spells:

 Your Spells              Type           Power      Damage    Failure   Level
a - Call Imp              Summ           3%         N/A       30%         2
b - Summon Guardian Gole  Hex/Summ       2%         N/A       56%         3

Your spell library contained the following spells:

 Spells                   Type           Power      Damage    Failure   Level
 Magic Dart               Conj           4%         1d3       26%         1
 Mephitic Cloud           Conj/Pois/Air  1%         N/A       61%         3
 Orb of Destruction       Conj           0%         9d5       100%        7
 Spellforged Servitor     Conj/Summ      1%         N/A       100%        7


Dungeon Overview and Level Annotations

Branches:
Dungeon (5/15)
 Temple: D:4-7

Altars:
Sif Muna
The Shining One


Innate Abilities, Weirdness & Mutations

You have sharp fingernails.
You sometimes gain power by taking damage.
A meltable shield of frost defends you. (SH +4)


Message History

You block the orc warrior's attack.
The orc warrior hits your crimson imp with a +0 hand axe.
Your crimson imp hits the orc warrior.
Aiming: Throw Flame
Press: ? - help, Q - select action, (/) - cycle Shift-Dir - straight line, f/p - orc warrior
Aim: an orc warrior, wielding a +0 hand axe and wearing a +0 chain mail (heavily wounded, ally target, 64% to hit)
The puff of flame hits the orc warrior.
The orc warrior is severely wounded.
The orc warrior barely misses you.
The orc warrior completely misses your crimson imp.
Aiming: Throw Flame
Press: ? - help, Q - select action, (/) - cycle Shift-Dir - straight line, f/p - orc warrior
Aim: an orc warrior, wielding a +0 hand axe and wearing a +0 chain mail (severely wounded, ally target, 64% to hit)
The puff of flame hits the orc warrior.
The orc warrior is almost dead.
Your crimson imp blinks!
As you read the scroll of teleportation, it crumbles to dust.
You feel strangely unstable. Something hits you but does no damage.
The orc warrior closely misses you.
Aiming: Throw Flame
Press: ? - help, Q - select action, (/) - cycle Shift-Dir - straight line, f/p - orc warrior
Aim: an orc warrior, wielding a +0 hand axe and wearing a +0 chain mail (almost dead, 64% to hit)
The puff of flame hits the orc warrior!
You kill the orc warrior!
Lugonu accepts your kill.
Your Invocations skill increases to level 4!
Aiming: Throw Flame
Press: ? - help, Q - select action, (/) - cycle Shift-Dir - straight line The puff of flame hits something.
Aiming: Throw Flame
Press: ? - help, Q - select action, (/) - cycle Shift-Dir - straight line The now-empty wand crumbles to dust.
The orc priest hits you from afar with a +0 trident.
Something hits you.
* * * LOW HITPOINT WARNING * * *
You block the orc's attack.
You hit something but do no damage. Something hits you.
* * * LOW HITPOINT WARNING * * *
You are electrocuted!!
You die...

#### .....
#######......
#....5'......
#....##....##
#..{@# ...#
####o# ..#
#..oo## .# #
#..oso# #
...##..o.#
.........#
..o##..<## ..
#'### . #.


You could see a scorpion, an orc priest, 5 orcs and a friendly crimson imp
(summoned).

Vanquished Creatures
  An orc warrior (D:5)
  A hound (D:4)
  2 orc priests
  An iguana (D:5)
  4 orc wizards
  4 adders
  2 shadow imps (D:3)
  A worm (D:3)
  2 dart slugs
  6 orcs
  7 endoplasms
  5 giant cockroaches
  10 goblins
  3 hobgoblins (D:1)
  3 jackals (D:2)
  6 kobolds
  A quokka (D:2)
  9 ball pythons
  A bat (D:2)
  A frilled lizard (D:1)
  4 rats
74 creatures vanquished.

Vanquished Creatures (collateral kills)
  A jelly (D:4)
1 creature vanquished.

Grand Total: 75 creatures vanquished

Notes
Turn   | Place    | Note
-------+----------+-------------------------------------------
     0 | Abyss:1  | KhasaRR the Demonspawn Abyssal Knight began the quest for
                  | the Orb.
     0 | Abyss:1  | Reached XP level 1. HP: 18/18 MP: 2/2
   126 | Abyss:1  | Noticed a bone dragon
   134 | Abyss:1  | Noticed an eidolon
   137 | D:1      | Escaped the Abyss
   509 | D:1      | Found a faded altar of an unknown god.
   609 | D:1      | Gained mutation: You sometimes gain a little power by
                  | taking damage. [demonic ancestry]
   609 | D:1      | Reached XP level 2. HP: 20/24 MP: 3/3
   817 | D:1      | Reached skill level 1 in Dodging
  1482 | D:2      | Reached XP level 3. HP: 25/29 MP: 4/4
  2682 | D:3      | Gained mutation: You sometimes gain power by taking damage.
                  | [demonic ancestry]
  2682 | D:3      | Reached XP level 4. HP: 32/35 MP: 6/6
  3302 | D:3      | Found a transporter.
  3324 | D:3      | Found a transporter.
  3348 | D:3      | Reached *** piety under Lugonu
  3901 | D:4      | Reached skill level 1 in Throwing
  3901 | D:4      | Gained mutation: You have sharp fingernails. [demonic
                  | ancestry]
  3901 | D:4      | Reached XP level 5. HP: 40/42 MP: 7/7
  3913 | D:4      | HP: 2/42 [orc priest/divine providence (9)]
  4002 | D:4      | Reached skill level 1 in Spellcasting
  4278 | D:4      | Learned a level 2 spell: Call Imp
  4381 | D:4      | Gained mutation: A meltable shield of frost defends you.
                  | (SH +4) [demonic ancestry]
  4381 | D:4      | Reached XP level 6. HP: 33/48 MP: 5/8
  4813 | D:4      | Found a shimmering blue altar of Sif Muna.
  4833 | D:4      | Learned a level 3 spell: Summon Guardian Golem
  4945 | D:5      | Entered Level 5 of the Dungeon
  4971 | D:5      | Noticed an orc warrior
  5001 | D:5      | Killed an orc warrior
  5004 | D:5      | Mangled by an orc wizard

Illustrated notes

Levels and vault maps discovered:
D:1:      pf_arrival_petrified_forest, layout_loops_cross,
          hellmonk_ecumenical_altar_lost_god, nrook_uturn,
          minmay_misc_feat_four_crosses
D:2:      layout_basic, basic_altar
D:3:      gammafunk_wand_slinger, layout_basic, nicolae_overflow_hidden_temple,
          mrwooster_statue_mirror
D:4:      layout_rooms, mainiacjoe_overflow_paths
D:5:      layout_gridville, minivault_26, minmay_misc_feat_room,
          uniq_crazy_yiuf_cottage

Skill      XL: |  1  2  3  4  5  6 |
---------------+-------------------+-----
Armour         | 2 |  2.8
Maces & Flails | 2 3 |  3.9
Dodging        | 1 2 |  2.1
Invocations    | 3 4 |  4.0
Throwing       | 1 |  1.2
Spellcasting   | 1 |  1.3
Fighting       | 4 |  4.1
Shields        | |  0.2
Summonings     | |  0.6
Evocations     | |  0.7

Action                   |  1- 3 |  4- 6 || total
-------------------------+-------+-------++-------
Melee: Mace              |    55 |       ||    55
       Whip              |    73 |   107 ||   180
       Punch             |       |     2 ||     2
Throw: Dart              |    20 |    16 ||    36
 Cast: Call Imp          |       |     4 ||     4
Invok: Depart the Abyss  |     1 |       ||     1
Evoke: Wand              |       |    20 ||    20
  Use: Potion            |     1 |     3 ||     4
       Scroll            |     1 |     2 ||     3
 Stab: Sleeping          |       |     1 ||     1
Armor: Leather armour    |    30 |    20 ||    50
Dodge: Dodged            |    75 |    51 ||   126
Block: Other             |       |    10 ||    10

Table legend: (Time is in decaauts)
 A = Elapsed time spent in this place.
 B = Non-inter-level travel time spent in this place.
 C = Inter-level travel time spent in this place.
 D = Time resting spent in this place.
 E = Time spent auto-exploring this place.
 F = Levels seen in this place.
 G = Mean time per level.
                   A        B        C        D        E       F      G
               +--------+--------+--------+--------+--------+-----+--------+
         Total |   5003 |   4906 |     97 |    277 |   3943 |   6 |  833.8 |
       Dungeon |   4866 |   4769 |     97 |    277 |   3831 |   5 |  973.2 |
         Abyss |    137 |    137 |      0 |      0 |    112 |   1 |  137.0 |
               +--------+--------+--------+--------+--------+-----+--------+

Top non-repeatable levels by time:
     D:3: 1344 daAuts
     D:1: 1294 daAuts
     D:4: 1125 daAuts
     D:2: 1051 daAuts
 Abyss:1: 137 daAuts
     D:5: 50 daAuts
